 Dungeon Crawl Stone Soup version 0.17.0 (webtiles) character file.

544 Eucla the Shooter (level 7, -4/58 HPs)
             Began as a Centaur Hunter on Nov 12, 2015.
             Was an Initiate of Okawaru.
             Slain by Prince Ribbit (6 damage)
             ... on level 6 of the Dungeon.
             The game lasted 00:09:34 (5494 turns).

Eucla the Shooter (Centaur Hunter)                  Turns: 5494, Time: 00:09:34

Health: -4/58      AC:  9    Str: 15    XL:     7   Next: 6%
Magic:  7/7        EV: 14    Int: 10    God:    Okawaru [......]
Gold:   96         SH:  0    Dex: 16    Spells: 0 memorised, 6 levels left

rFire  . . .     SeeInvis .     b - +0 spear
rCold  . . .     Clarity  .     i - +0 ring mail
rNeg   . . .     SustAt   .     (no shield)
rPois  +         Gourm    .     w - +0 helmet
rElec  .         Spirit   .     n - +1 cloak
rCorr  .         Warding  .     (no gloves)
rMut   .         Stasis   .     (no barding)
MR     .....                    (no amulet)
Stlth  ++........               y - ring of invisibility
                                E - ring of poison resistance

@: agile, very quick, not resistant to hostile enchantments, unstealthy
A: hooves 3, deformed body, speed 2, tough skin 3
a: Renounce Religion, Evoke Invisibility


You were on level 6 of the Dungeon.
You worshipped Okawaru.
Okawaru was noncommittal.
You were not hungry.

You visited 2 branches of the dungeon, and saw 7 of its levels.

You collected 285 gold pieces.
You spent 189 gold pieces at shops.

Inventory:

Hand Weapons
 a - a +1 shortbow
 b - a +0 spear (weapon)
Armour
 d - a +0 leather armour
 i - a +0 ring mail (worn)
 n - a +1 cloak (worn)
 w - a +0 helmet (worn)
Jewellery
 j - an uncursed ring of magical power
 v - an uncursed ring of flight
 y - a ring of invisibility (right hand)
 E - a ring of poison resistance (left hand)
Wands
 z - a wand of fireball (8)
 B - a wand of random effects (28)
 C - a wand of polymorph (15)
 G - a wand of cold (5)
Scrolls
 f - 4 scrolls of remove curse {unknown}
 g - 2 scrolls of teleportation {unknown}
 k - 7 scrolls of amnesia {unknown}
 m - 6 scrolls of identify {unknown}
 u - 3 scrolls of fear {unknown}
 x - a scroll of random uselessness {unknown}
 D - a scroll of fog {unknown}
 H - a scroll of enchant armour
 J - a scroll of noise {unknown}
Potions
 o - a potion of resistance
 p - a potion of poison
 r - a potion of brilliance
 I - a potion of lignification {unknown}
 K - a potion of invisibility {unknown}
Books
 h - a book of Enchantments

   Spells                             Type                      Level
   a - Cause Fear                     Hexes                        4
   b - Silence                        Hexes/Air                    5
   c - Deflect Missiles               Charms/Air                   6
   d - Haste                          Charms                       6
   e - Discord                        Hexes                        8
 F - a book of Air

   Spells                             Type                      Level
   a - Shock                          Conjuration/Air              1
   b - Swiftness                      Charms/Air                   2
   c - Repel Missiles                 Charms/Air                   2
   d - Static Discharge               Conjuration/Air              3
   e - Lightning Bolt                 Conjuration/Air              5
Comestibles
 e - 3 bread rations
 q - a meat ration
 s - a beef jerky
 t - a slice of pizza
 L - 2 chunks of flesh


   Skills:
 + Level 3.9 Fighting
 + Level 1.4 Polearms
 + Level 7.5 Bows
 + Level 2.4 Armour
 - Level 2.7 Dodging
 - Level 0.5 Stealth


You had 6 spell levels left.
You didn't know any spells.

Dungeon Overview and Level Annotations

Branches:
Dungeon (6/15)             Temple (1/1) D:5

Altars:
Elyvilon
Fedhas
Gozag
Kikubaaqudgha
Okawaru
Qazlal
Ru
Sif Muna
Xom
Yredelemnul
Zin
The Shining One

Shops:
D:4 *

Annotations:
D:6 Prince Ribbit


Innate Abilities, Weirdness & Mutations

You have hooves in place of feet.
Armour fits poorly on your strangely shaped body.
You cover ground very quickly.
You have extremely tough skin (AC +3).


Message History

Your kick passes through Prince Ribbit as he momentarily phases out.
Prince Ribbit is heavily wounded.
Prince Ribbit hits you!
* * * LOW HITPOINT WARNING * * *
You are too injured to fight recklessly!
You are too injured to fight recklessly!
You are too injured to fight recklessly!
Unknown command.
You closely miss Prince Ribbit.
Your kick passes through Prince Ribbit as he momentarily phases out.
Prince Ribbit is heavily wounded.
Prince Ribbit hits you!
* * * LOW HITPOINT WARNING * * *
Prince Ribbit barely misses you.
Unknown command.
Unknown command.
You miss Prince Ribbit. You kick Prince Ribbit.
Prince Ribbit is heavily wounded.
Prince Ribbit hits you.
You die...

### #.. ### #.# ..# #.#
########## ..# #.# .((%.....
..###.#### ###F...#
..<)#.##.. ..#@# ...)).##.#
#.#(# ##.#####.# #.#.# ##.#
#.# #.#(########### #.# #.#
#.#((..........
##.#####.#####.#####..#####
...........).......).......>
...###...#########.######.#.
.#####.##### #.#


You could see Prince Ribbit.

Vanquished Creatures
  An ogre (D:4)
  Blork the orc (D:5)
  A scorpion (D:4)
  The ghost of tengen the Ducker, a weakling OpGl (D:4)
  A centaur zombie (D:5)
  An orc priest (D:3)
  Terence (D:2)
  2 hounds
  8 adders
  An ooze (D:1)
  4 worms
  An adder skeleton (D:5)
  8 orcs
  3 giant cockroaches
  8 goblins
  4 hobgoblins
  10 jackals
  2 quokkas
  2 ball pythons
  6 bats
  A giant cockroach zombie (D:5)
  4 giant newts
  6 kobolds
  3 rats
80 creatures vanquished.

Notes
Turn   | Place    | Note
--------------------------------------------------------------
     0 | D:1      | Eucla the Centaur Hunter began the quest for the Orb.
     0 | D:1      | Reached XP level 1. HP: 17/17 MP: 1/1
   429 | D:1      | Reached XP level 2. HP: 19/24 MP: 2/2
  1117 | D:2      | Reached skill level 6 in Bows
  1179 | D:2      | Noticed Terence
  1231 | D:2      | Reached XP level 3. HP: 9/30 MP: 3/3
  1268 | D:2      | Killed Terence
  1268 | D:2      | Reached XP level 4. HP: 12/37 MP: 4/4
  1701 | D:2      | Reached skill level 1 in Armour
  2332 | D:3      | Reached XP level 5. HP: 45/45 MP: 5/5
  2337 | D:3      | Found a white marble altar of Elyvilon.
  3120 | D:4      | Found a basalt altar of Yredelemnul.
  3129 | D:4      | Noticed tengen's ghost (weakling OpGl)
  3129 | D:4      | Noticed an ogre
  3158 | D:4      | Killed tengen's ghost
  3345 | D:4      | Killed an ogre
  3345 | D:4      | Reached XP level 6. HP: 27/51 MP: 6/6
  3424 | D:4      | Found a sacrificial altar of Ru.
  3542 | D:4      | Found Bifiyghugu's Assorted Antiques.
  3551 | D:4      | Bought a twisted ruby ring for 105 gold pieces
  3554 | D:4      | Bought a crooked lead wand for 84 gold pieces
  3899 | D:4      | Reached skill level 7 in Bows
  4036 | D:5      | Entered Level 5 of the Dungeon
  4205 | D:5      | Found a stormy altar of Qazlal.
  4207 | D:5      | Found a staircase to the Ecumenical Temple.
  4238 | Temple   | Entered the Ecumenical Temple
  4274 | Temple   | Became a worshipper of Warmaster Okawaru
  4622 | D:5      | Noticed Blork the orc
  4679 | D:5      | Killed Blork the orc
  4679 | D:5      | Reached skill level 1 in Polearms
  5229 | D:6      | Noticed Prince Ribbit
  5413 | D:6      | Reached XP level 7. HP: 35/58 MP: 7/7
  5493 | D:6      | HP: 2/58 [Prince Ribbit (15)]
  5494 | D:6      | Slain by Prince Ribbit

Action                   |  1- 3 |  4- 6 |  7- 9 || total
-------------------------+-------+-------+-------++-------
Melee: Short sword       |    35 |       |       ||    35
       Spear             |    51 |   296 |     9 ||   356
 Fire: Shortbow          |    19 |    82 |    15 ||   116
  Use: Potion            |       |     6 |     4 ||    10
       Scroll            |       |     2 |       ||     2
  Eat: Chunk             |       |    10 |     1 ||    11
